PAA
MYRTLE BEACH MERMEN @ RICHLAND RAILS
08/10/2029
 
TOP OF THE 1ST
Myrtle Beach Mermen batting - Pitching for Richland Rails : RHP Barney Starr
Pitching: RHP Barney Starr
Batting: LHB Ramón Flores 0-0: Ball
1-0: Foul Ball, location: 2F
1-1: Foul Ball, location: 2F
1-2: SINGLE (Groundball, 25) (infield hit)
Batting: RHB Carlos González 0-0: Ball
1-0: Foul Ball, location: 2F
1-1: Called Strike
1-2: Ball
Throwing error on steal attempt, E2
Ramón Flores to third
2-2: Foul Ball, location: 2F
2-2: Hit by Pitch
Batting: RHB Éric Leroux 0-0: Swinging Strike
0-1: Swinging Strike
0-2: Ball
1-2: Fly out, F9 (Flyball, 89M)
Runner from 3rd tags up, SCORES, no throw
Batting: LHB Shigenobu Ohayashi 0-0: Ball
1-0: Fly out, F4 (Popup, 34)
Batting: RHB Scott Zijm 0-0: Ball
1-0: Called Strike
1-1: Ball
2-1: SINGLE (Groundball, 6MD)
Carlos González to second
Runner from 2nd tries for 3rd, SAFE, no throw
Batting: RHB John O'Neil 0-0: Called Strike
0-1: Ground out 4-3 (Groundball, 4)
Top of the 1st over - 1 run, 2 hits, 1 error, 2 left on base; Myrtle Beach 1 - Richland 0
BOTTOM OF THE 1ST
Richland Rails batting - Pitching for Myrtle Beach Mermen : RHP Plinio Pedrulho
Pitching: RHP Plinio Pedrulho
Batting: LHB Orlando Casillas 0-0: Ball
1-0: Ball
2-0: Fly out, F9 (Flyball, 89D)
Batting: RHB Christian Gentry 0-0: Foul Ball, location: 2F
0-1: Fly out, F3 (Popup, 3SF)
Batting: RHB Alexandre Keeping 0-0: Ball
1-0: Ground out 6-3 (Groundball, 6)
Bottom of the 1st over - 0 runs, 0 hits, 0 errors, 0 left on base; Myrtle Beach 1 - Richland 0
TOP OF THE 2ND
Myrtle Beach Mermen batting - Pitching for Richland Rails : RHP Barney Starr
Batting: SHB Alex Mable 0-0: Ball
1-0: Ball
2-0: Foul Ball, location: 2F
2-1: Ground out 5-3 (Groundball, 5L)
Batting: RHB Maik Palen 0-0: Ball
1-0: Fly out, F7 (Flyball, 7)
Batting: RHB Gomez Talone 0-0: Ball
1-0: Called Strike
1-1: Swinging Strike
1-2: Ground out 4-3 (Groundball, 4)
Top of the 2nd over - 0 runs, 0 hits, 0 errors, 0 left on base; Myrtle Beach 1 - Richland 0
BOTTOM OF THE 2ND
Richland Rails batting - Pitching for Myrtle Beach Mermen : RHP Plinio Pedrulho
Batting: RHB Scott Ramsey 0-0: Foul Ball, location: 2F
0-1: Ball
1-1: SINGLE (Groundball, 6MD)
Batting: SHB Jorge Colón 0-0: Called Strike
0-1: Foul Ball, location: 2F
0-2: Ball
1-2: Foul Ball, location: 2F
1-2: Strikes out swinging
Batting: RHB Leon Carlisle 0-0: Ball
1-0: Fly out, F8 (Flyball, 8RD)
Batting: LHB Alistair Mix 0-0: Called Strike
0-1: Foul Ball, location: 2F
0-2: Foul Ball, location: 2F
0-2: Fly out, F7 (Flyball, 78M)
Bottom of the 2nd over - 0 runs, 1 hit, 0 errors, 1 left on base; Myrtle Beach 1 - Richland 0
TOP OF THE 3RD
Myrtle Beach Mermen batting - Pitching for Richland Rails : RHP Barney Starr
Batting: LHB Ramón Flores 0-0: Ground out 1-3 (Groundball, P)
Batting: RHB Carlos González 0-0: Ball
1-0: Foul Ball, location: 2F
1-1: Ball
2-1: Swinging Strike
2-2: Foul Ball, location: 2F
2-2: DOUBLE (Line Drive, 7D)
Batting: RHB Éric Leroux 0-0: Swinging Strike
0-1: Called Strike
0-2: Strikes out swinging
Batting: LHB Shigenobu Ohayashi 0-0: SINGLE (Popup, 6D)
Carlos González to third
Runner from 3rd tries for Home, SAFE, no throw
Batting: RHB Scott Zijm 0-0: Called Strike
0-1: Ball
1-1: Fly out, F9 (Flyball, 9S)
Top of the 3rd over - 1 run, 2 hits, 0 errors, 1 left on base; Myrtle Beach 2 - Richland 0
BOTTOM OF THE 3RD
Richland Rails batting - Pitching for Myrtle Beach Mermen : RHP Plinio Pedrulho
Batting: RHB Tan Bal 0-0: Called Strike
0-1: Called Strike
0-2: Ball
1-2: SINGLE (Groundball, 6MD)
Batting: RHB León Preciado 0-0: Ball
1-0: Ball
2-0: Ball
3-0: Base on Balls
Tan Bal to second
Batting: LHB Orlando Casillas 0-0: SINGLE (Groundball, 15S) (infield hit)
Tan Bal to third
León Preciado to second
Batting: RHB Christian Gentry 0-0: Called Strike
0-1: Ball
1-1: Swinging Strike
1-2: Foul Ball, location: 2F
1-2: Ball
2-2: Ball
3-2: Base on Balls
Tan Bal scores
León Preciado to third
Orlando Casillas to second
Batting: RHB Alexandre Keeping 0-0: Called Strike
0-1: Foul Ball, location: 2F
0-2: Foul Ball, location: 2F
0-2: Ball
1-2: Foul Ball, location: 2F
1-2: Foul Ball, location: 2F
1-2: Grounds into fielders choice 1-2 (Groundball, 15S)
Orlando Casillas to third
Christian Gentry to second
Batting: RHB Scott Ramsey 0-0: Ball
1-0: Called Strike
1-1: Foul Ball, location: 2F
1-2: Strikes out swinging
Batting: SHB Jorge Colón 0-0: Ball
1-0: Called Strike
1-1: SINGLE (Line Drive, 7LS)
Orlando Casillas scores
Christian Gentry to third
Alexandre Keeping to second
Runner from 3rd tries for Home, throw and OUT!
Bottom of the 3rd over - 2 runs, 3 hits, 0 errors, 2 left on base; Myrtle Beach 2 - Richland 2
TOP OF THE 4TH
Myrtle Beach Mermen batting - Pitching for Richland Rails : RHP Barney Starr
Batting: RHB John O'Neil 0-0: Ball
1-0: Ball
2-0: Called Strike
2-1: Ball
3-1: Base on Balls
Batting: SHB Alex Mable Pickoff Throw to First - Error! E1
John O'Neil to second
0-0: Called Strike
0-1: Called Strike
0-2: Fly out, F7 (Flyball, 78S)
Batting: RHB Maik Palen 0-0: Ball
1-0: Ball
2-0: Called Strike
2-1: Foul Ball, location: 2F
2-2: Strikes out looking
Batting: RHB Gomez Talone 0-0: SINGLE (Line Drive, 34)
John O'Neil to third
Runner from 3rd tries for Home, SAFE, throw made home
Gomez Talone to second
Batting: LHB Ramón Flores 0-0: 2-RUN HOME RUN (Flyball, 9LD), Distance : 316 ft
Batting: RHB Carlos González 0-0: Ball
1-0: Fly out, F7 (Line Drive, 78M)
Top of the 4th over - 3 runs, 2 hits, 1 error, 0 left on base; Myrtle Beach 5 - Richland 2
BOTTOM OF THE 4TH
Richland Rails batting - Pitching for Myrtle Beach Mermen : RHP Plinio Pedrulho
Batting: RHB Leon Carlisle 0-0: Foul Ball, location: 2F
0-1: Fly out, F7 (Line Drive, 7)
Now in LF: Maikel Cobblepot
Batting: LHB Alistair Mix 0-0: Foul Ball, location: 2F
0-1: Ball
1-1: Ball
2-1: Ball
3-1: Foul Ball, location: 2F
3-2: Strikes out looking
Batting: RHB Tan Bal 0-0: Ball
1-0: Ground out 4-3 (Groundball, 4)
Bottom of the 4th over - 0 runs, 0 hits, 0 errors, 0 left on base; Myrtle Beach 5 - Richland 2
TOP OF THE 5TH
Myrtle Beach Mermen batting - Pitching for Richland Rails : RHP Barney Starr
Batting: RHB Éric Leroux 0-0: Foul Ball, location: 2F
0-1: Called Strike
0-2: Ball
1-2: Strikes out looking
Batting: LHB Shigenobu Ohayashi 0-0: Ball
1-0: Called Strike
1-1: Ball
2-1: Ball
3-1: Swinging Strike
3-2: Ground out 4-3 (Groundball, 4)
Batting: RHB Maikel Cobblepot 0-0: Ball
1-0: Ball
2-0: SINGLE (Line Drive, 78S)
Batting: RHB John O'Neil 0-0: Ball
1-0: Foul Ball, location: 2F
1-1: Foul Ball, location: 2F
1-2: Foul Ball, location: 2F
1-2: Ball
Maikel Cobblepot steals 2nd base
2-2: SINGLE (Line Drive, 7LS)
Maikel Cobblepot to third
Runner from 3rd tries for Home, SAFE, no throw
Batting: SHB Alex Mable 0-0: Called Strike
0-1: Ball
1-1: Called Strike
1-2: Foul Ball, location: 2F
1-2: Ball
2-2: SINGLE (Flyball, 5D)
John O'Neil to second
Batting: RHB Maik Palen 0-0: Fly out, F3 (Line Drive, 34)
Top of the 5th over - 1 run, 3 hits, 0 errors, 2 left on base; Myrtle Beach 6 - Richland 2
BOTTOM OF THE 5TH
Richland Rails batting - Pitching for Myrtle Beach Mermen : RHP Plinio Pedrulho
Batting: RHB León Preciado 0-0: Called Strike
0-1: Fly out, F7 (Line Drive, 7)
Batting: LHB Orlando Casillas 0-0: Ball
1-0: Called Strike
1-1: DOUBLE (Line Drive, 9LM)
Batting: RHB Christian Gentry 0-0: Foul Ball, location: 2F
0-1: Ball
1-1: Foul Ball, location: 2F
1-2: Ball
2-2: Foul Ball, location: 2F
2-2: Foul Ball, location: 2F
2-2: Ground out 6-3 (Groundball, 56)
Batting: RHB Alexandre Keeping 0-0: Called Strike
0-1: Swinging Strike
0-2: Fly out, F8 (Line Drive, 8LD)
Bottom of the 5th over - 0 runs, 1 hit, 0 errors, 1 left on base; Myrtle Beach 6 - Richland 2
TOP OF THE 6TH
Myrtle Beach Mermen batting - Pitching for Richland Rails : RHP Barney Starr
Batting: RHB Gomez Talone 0-0: Called Strike
0-1: Ball
1-1: Foul Ball, location: 2F
1-2: Fly out, F8 (Flyball, 8LS)
Pitching: LHP Matt Crowley
Batting: LHB Ramón Flores 0-0: Ball
1-0: Foul Ball, location: 2F
1-1: Ground out 6-3 (Groundball, 6)
Batting: RHB Carlos González 0-0: Called Strike
0-1: Ball
1-1: Fly out, F8 (Line Drive, 8LM)
Top of the 6th over - 0 runs, 0 hits, 0 errors, 0 left on base; Myrtle Beach 6 - Richland 2
BOTTOM OF THE 6TH
Richland Rails batting - Pitching for Myrtle Beach Mermen : RHP Plinio Pedrulho
Batting: RHB Scott Ramsey 0-0: Swinging Strike
0-1: Swinging Strike
0-2: Ball
1-2: Foul Ball, location: 2F
1-2: Ball
2-2: Fly out, F3 (Popup, 34S)
Batting: SHB Jorge Colón 0-0: Swinging Strike
0-1: Ball
1-1: Foul Ball, location: 2F
1-2: Ball
2-2: Ball
3-2: Foul Ball, location: 2F
3-2: Foul Ball, location: 2F
3-2: Base on Balls
Batting: RHB Leon Carlisle 0-0: Called Strike
0-1: Called Strike
0-2: SINGLE (Line Drive, 89S)
Jorge Colón to second
Batting: LHB Alistair Mix 0-0: Ball
1-0: Foul Ball, location: 2F
1-1: Swinging Strike
1-2: Strikes out looking
Batting: RHB Tan Bal 0-0: Ball
1-0: Ball
2-0: Foul Ball, location: 2F
2-1: Ball
3-1: Foul Ball, location: 2F
3-2: Single, Error in OF, E7, batter to second base
Jorge Colón scores
Leon Carlisle to third
Batting: RHB León Preciado 0-0: Ball
1-0: Ball
2-0: Called Strike
2-1: SINGLE (Line Drive, 8LS)
Leon Carlisle scores
Tan Bal to third
Batting: LHB Orlando Casillas 0-0: Foul Ball, location: 2F
0-1: Ball
1-1: Foul Ball, location: 2F
1-2: Ball
2-2: Ball
3-2: Base on Balls
León Preciado to second
Batting: RHB Christian Gentry 0-0: Fly out, F7 (Flyball, 7LSF)
Bottom of the 6th over - 2 runs, 3 hits, 1 error, 3 left on base; Myrtle Beach 6 - Richland 4
TOP OF THE 7TH
Myrtle Beach Mermen batting - Pitching for Richland Rails : LHP Matt Crowley
Batting: RHB Éric Leroux 0-0: Called Strike
0-1: Ball
1-1: Ball
2-1: Fly out, F9 (Flyball, 9LM)
Batting: LHB Shigenobu Ohayashi 0-0: Foul Ball, location: 2F
0-1: Swinging Strike
0-2: Ball
1-2: Fly out, F9 (Flyball, 9LM)
Batting: RHB Maikel Cobblepot 0-0: Fly out, F9 (Flyball, 9LM)
Top of the 7th over - 0 runs, 0 hits, 0 errors, 0 left on base; Myrtle Beach 6 - Richland 4
BOTTOM OF THE 7TH
Richland Rails batting - Pitching for Myrtle Beach Mermen : RHP Plinio Pedrulho
Batting: RHB Alexandre Keeping 0-0: Ball
1-0: Called Strike
1-1: Ball
2-1: Ground out 6-3 (Groundball, 56)
Batting: RHB Scott Ramsey 0-0: Called Strike
0-1: Fly out, F3 (Flyball, 3D)
Batting: SHB Jorge Colón 0-0: Called Strike
0-1: Foul Ball, location: 2F
0-2: Fly out, F7 (Flyball, 78XD)
Bottom of the 7th over - 0 runs, 0 hits, 0 errors, 0 left on base; Myrtle Beach 6 - Richland 4
TOP OF THE 8TH
Myrtle Beach Mermen batting - Pitching for Richland Rails : LHP Matt Crowley
Batting: RHB John O'Neil 0-0: Ground out 4-3 (Groundball, 4MD)
Batting: SHB Alex Mable 0-0: Swinging Strike
0-1: Swinging Strike
0-2: Foul Ball, location: 2F
0-2: Foul Ball, location: 2F
0-2: Ball
1-2: Ball
2-2: Fly out, F7 (Flyball, 78D)
Batting: RHB Maik Palen 0-0: SOLO HOME RUN (Line Drive, 7D), Distance : 348 ft
Batting: RHB Gomez Talone 0-0: Called Strike
0-1: Called Strike
0-2: Fly out, F9 (Flyball, 9)
Top of the 8th over - 1 run, 1 hit, 0 errors, 0 left on base; Myrtle Beach 7 - Richland 4
BOTTOM OF THE 8TH
Richland Rails batting - Pitching for Myrtle Beach Mermen : RHP Plinio Pedrulho
Pitching: RHP Culley Adjeng
Batting: RHB Leon Carlisle 0-0: Ball
1-0: Ball
2-0: Foul Ball, location: 2F
2-1: Called Strike
2-2: Ground out 5-3 (Groundball, 5)
Batting: LHB Alistair Mix 0-0: Ball
1-0: Ball
2-0: Ball
3-0: Base on Balls
Batting: RHB Tan Bal 0-0: Ground out 3-1 (Groundball, 34S)
Alistair Mix to second
Batting: RHB León Preciado 0-0: Called Strike
0-1: Foul Ball, location: 2F
0-2: Strikes out swinging
Bottom of the 8th over - 0 runs, 0 hits, 0 errors, 1 left on base; Myrtle Beach 7 - Richland 4
TOP OF THE 9TH
Myrtle Beach Mermen batting - Pitching for Richland Rails : LHP Matt Crowley
Batting: LHB Ramón Flores 0-0: Called Strike
0-1: Foul Ball, location: 2F
0-2: SINGLE (Groundball, 25) (infield hit)
Batting: RHB Carlos González 0-0: Sac Bunt - play at first, batter OUT! 3-4
Ramón Flores to second
Batting: RHB Éric Leroux 0-0: Called Strike
0-1: Ground out 6-3 (Groundball, 6)
Batting: LHB Shigenobu Ohayashi 0-0: Called Strike
0-1: Ball
1-1: Called Strike
1-2: Strikes out looking
Top of the 9th over - 0 runs, 1 hit, 0 errors, 1 left on base; Myrtle Beach 7 - Richland 4
BOTTOM OF THE 9TH
Richland Rails batting - Pitching for Myrtle Beach Mermen : RHP Culley Adjeng
Pitching: LHP Guus Ketting
Batting: LHB Orlando Casillas 0-0: Foul Ball, location: 2F
0-1: Called Strike
0-2: Ground out 5-3 (Groundball, 56)
Batting: RHB Christian Gentry 0-0: Fly out, F7 (Flyball, 7S)
Batting: RHB Alexandre Keeping 0-0: SINGLE (Line Drive, 9S)
Batting: RHB Scott Ramsey 0-0: Ball
1-0: Foul Ball, location: 2F
1-1: Ball
2-1: Ball
3-1: SINGLE (Line Drive, 56D)
Alexandre Keeping to second
Batting: SHB Jorge Colón 0-0: Ball
1-0: Ball
Passed Ball!
Alexandre Keeping to third
Scott Ramsey to second
2-0: Foul Ball, location: 2F
2-1: Swinging Strike
2-2: Foul Ball, location: 2F
2-2: Ball
3-2: Foul Ball, location: 2F
3-2: SINGLE (Line Drive, 7S)
Alexandre Keeping scores
Scott Ramsey to third
Scott Ramsey scores
Pinch Runner at 1st Fernando Granados:
Batting: RHB Leon Carlisle 0-0: Foul Ball, location: 2F
0-1: Called Strike
0-2: Ball
1-2: Foul Ball, location: 2F
1-2: Strikes out swinging
Bottom of the 9th over - 2 runs, 3 hits, 0 errors, 1 left on base; Myrtle Beach 7 - Richland 6
Tuesday, December 19th, 2017 - OOTP Baseball 18.8 Build 76